 Dungeon Crawl Stone Soup version 0.30-a0-634-g8abc85282e (webtiles) character file.

Game seed: 7594849342918955622

34930 wormed the Spear-Bearer (level 13, 0/121 HPs)
             Began as a Naga Berserker on Jan 14, 2023.
             Was an Elder of Trog.
             Slain by a wolf spider (5 damage)
             ... on level 5 of the Lair of Beasts.
             The game lasted 00:22:50 (19111 turns).

wormed the Spear-Bearer (Naga Berserker)           Turns: 19111, Time: 00:22:51

Health: 0/121      AC: 21    Str: 23    XL:     13   Next: 80%
Magic:  13/13      EV:  8    Int:  5    God:    Trog [****..]
Gold:   1081       SH:  0    Dex: 15    Spells: 12/12 levels left

rFire   . . .      SeeInvis +    v - +4 trident (flame)
rCold   + + .      Faith    .    r - +0 kite shield
rNeg    . . .      Spirit   .    C - +1 ice dragon scales
rPois   +          Reflect  +    (no helmet)
rElec   +          Harm     .    (no cloak)
rCorr   .          Rampage  .    n - +2 pair of gloves
Will    +++..                    E - +0 barding
Stlth   +                        s - amulet of reflection
HPRegen 1.40/turn                h - ring of protection from fire
MPRegen 0.13/turn                o - ring "Majorewi" {Fly rElec Str+4 Int-4}

@: confused, ambrosia-drunk, strong-willed, on berserk cooldown, flying,
regenerating, slowed, studying Polearms, very slow
A: AC +4, large, see invisible, deformed body, poison resistance, slowness 2,
spit poison 1, naga tail 2
a: Spit Poison, Renounce Religion, Berserk, Trog's Hand, Brothers in Arms


You were on level 5 of the Lair of Beasts.
You worshipped Trog.
Trog was greatly pleased with you.
You visited 2 branches of the dungeon, and saw 16 of its levels.
You also visited: Bailey.

You collected 1081 gold pieces.

Inventory:

Hand Weapons
 v - a +4 trident of flaming (weapon)
Armour
 n - a +2 pair of gloves (worn)
 r - a +0 kite shield (worn)
 y - a +2 robe of positive energy
 C - +1 ice dragon scales (worn)
 E - a +0 barding (worn)
Jewellery
 f - a ring of resist corrosion
 h - a ring of protection from fire (left hand)
 o - the ring "Majorewi" (right hand) {Fly rElec Str+4 Int-4}
   (You found it on level 2 of the Lair of Beasts)

   [ring of flight]

   Str:       It affects your strength (+4).
   Int:       It affects your intelligence (-4).
   rElec:     It insulates you from electricity.
   Fly:       It grants you flight.
 s - an amulet of reflection (around neck)
Wands
 g - a wand of paralysis (15)
 m - a wand of mindburst (7) (quivered)
 z - a wand of digging (8)
 F - a wand of flame (21)
 K - a wand of roots (13)
Scrolls
 a - 3 scrolls of brand weapon
 l - 5 scrolls of enchant armour
 p - 7 scrolls of teleportation
 q - a scroll of identify
 u - a scroll of blinking
 w - 2 scrolls of butterflies
 x - 3 scrolls of fear
 A - 2 scrolls of poison
 B - a scroll of fog
Potions
 b - 3 potions of ambrosia
 c - 4 potions of curing
 d - 4 potions of haste
 e - 2 potions of magic
 j - a potion of might
 k - 6 potions of mutation
 t - 2 potions of flight
 D - a potion of lignification
 G - a potion of attraction
 I - a potion of cancellation
Miscellaneous
 H - a lightning rod (4/4)
 M - a box of beasts


   Skills:
 + Level 9.6 Fighting
 - Level 14.0 Polearms
 + Level 7.7 Armour
 + Level 7.7 Dodging
 + Level 13.6 Stealth
 + Level 8.2 Shields


You had 12 spell levels left.
You didn't know any spells.
Your spell library was empty.

Dungeon Overview and Level Annotations

Branches:
Dungeon (11/15)            Temple (0/1) D:4            Lair (5/5) D:8
  Swamp (0/4) Lair:3        Snake (0/4) Lair:3        Slime (0/5) Lair:4
    Orc (0/2) D:11         Bailey (visited)

Altars:
Vehumet
Xom
Jiyva

Shops:
D:5 (

Annotations:
D:6 3 runed translucent doors, Wurlitzer's ghost, novice MiMo; bmack86's ghost, novice MiFi; hikkokomori's ghost, novice FoFi; yumyumyeen's ghost, novice KoEn
Lair:5 Sonja


Innate Abilities, Weirdness & Mutations

Your serpentine skin is tough. (AC +4)
You have supernaturally acute eyesight. (SInv)
Armour fits poorly on your strangely shaped body.
Your system is resistant to poisons. (rPois)
You cover ground very slowly.
You can spit poison.
You can use your snake-like lower body to constrict enemies.


Message History

The grasping roots release their grip on you.
You feel much better. You block the wolf's attack.
Your ogre hits the komodo dragon with a +0 giant club!!
The wolf spider hits you!
* * * LOW HITPOINT WARNING * * *
The wolf spider barely misses you.
Sonja zaps a wand.
The roots erupt in riotous growth!
The wolf spider is unaffected.
Roots grab your ogre.
The komodo dragon is unaffected.
The wolf is unaffected.
Sonja is unaffected.
The grasping roots grab you! The grasping roots constrict your ogre.
The grasping roots constrict you.
* * * LOW HITPOINT WARNING * * *
You block the wolf's attack. The komodo dragon bites your ogre.
You block the wolf spider's attack. x2; You block the komodo dragon's attack.
Your ogre barely misses Sonja.
The grasping roots constrict your ogre. The grasping roots constrict you.
The wolf bites you but does no damage.
You are confused.
You feel invigorated.
The roots release their grip on your ogre.
A wyvern comes into view.
The wolf spider hits you but does no damage.
The wolf spider bites you but does no damage.
The wolf bites you.
* * * LOW HITPOINT WARNING * * *
Sonja shouts, "Some dancing partner you are!"
The grasping roots constrict you.
Your ogre completely misses Sonja.
The komodo dragon bites your ogre!
The komodo dragon bites you but does no damage.
The wolf spider hits you!
* * * LOW HITPOINT WARNING * * *
The wolf spider bites you but does no damage.
The wolf bites you but does no damage. The grasping roots constrict you.
The komodo dragon bites your ogre.
The komodo dragon completely misses you.
The grasping roots release their grip on you.
The wolf spider attacks as you move away!
The wolf spider hits you!
* * * LOW HITPOINT WARNING * * *
The wolf spider bites you.
You die...

#.................
#.................
##.......♣........
#.....†.♣.........
#.................
#.........(.......
#..OK............≈
##.lsh.........l.≈
#..@.........s~..
#..l†.?......~(..
#.............~..
#..........≈≈....
..........≈~~....
#........l~≈≈....
#.......♣≈≈~.
#.......♣≈≈.


You could see a wolf spider, 2 komodo dragons, Sonja (ally target), a wyvern, a
wolf and a friendly ogre (summoned, berserk).

Vanquished Creatures
  Rupert (Lair:4)
  Nessos (Lair:4)
  A hydra (Lair:3)
  A boulder beetle (Lair:2)
  3 two-headed ogres
  5 death yaks (Lair:4)
  A cyclops (D:11)
  An ugly thing (D:9)
  2 black mambas
  A gargoyle (D:9)
  9 cane toads
  2 kobold demonologists
  An unseen horror (D:11)
  Psyche (D:9)
  3 rime drakes
  5 komodo dragons
  A polar bear (Lair:2)
  Grinder (D:3)
  7 blink frogs (Lair:4)
  2 shadows
  27 yaks
  3 spriggans (Bailey)
  2 wraiths
  5 wyverns
  6 vampire mosquitoes (Lair:3)
  A steam dragon (Bailey)
  2 basilisks
  8 water moccasins
  A warg (D:11)
  An acid dragon (D:10)
  A naga (Lair:3)
  7 orc warriors
  5 black bears
  3 centaurs
  28 wolves
  6 ogres
  A phantom (D:6)
  2 kobold brigands (D:9)
  12 bullfrogs
  3 scorpions
  2 necrophages (D:8)
  2 gnoll sergeants
  8 wights
  13 killer bees
  2 electric eels (Lair:3)
  7 howler monkeys
  2 hounds
  5 jellies
  2 gnoll boudas
  14 orc priests
  Ijyb (D:3)
  5 hell rats (Lair:2)
  4 iguanas
  12 orc wizards
  42 gnolls
  6 adders
  A shadow imp (D:7)
  An ufetubus (D:6)
  2 worms
  A dart slug (D:1)
  42 orcs
  5 ball pythons
  9 endoplasms
  2 giant cockroaches (D:1)
  10 goblins
  5 hobgoblins
  9 jackals
  6 quokkas
  5 bats
  A frilled lizard (D:1)
  14 kobolds
  5 rats
418 creatures vanquished.

Vanquished Creatures (collateral kills)
  A death yak (Lair:4)
  A kobold demonologist (D:9)
  A spriggan (Bailey)
  3 nagas (Lair:3)
  A kobold brigand (D:9)
  3 kobolds (D:9)
10 creatures vanquished.

Vanquished Creatures (others)
  A wolf (Lair:5)
  10 fungi
  12 plants
23 creatures vanquished.

Grand Total: 451 creatures vanquished

Notes
Turn   | Place    | Note
-------+----------+-------------------------------------------
     0 | D:1      | wormed the Naga Berserker began the quest for the Orb.
     0 | D:1      | Reached XP level 1. HP: 21/21 MP: 1/1
   118 | D:1      | Reached XP level 2. HP: 28/28 MP: 2/2
   389 | D:1      | Reached skill level 1 in Stealth
   514 | D:1      | Reached XP level 3. HP: 34/34 MP: 3/3
   929 | D:2      | Reached ** piety under Trog
  1329 | D:2      | Reached XP level 4. HP: 24/42 MP: 4/4
  1429 | D:2      | Reached skill level 1 in Shields
  1977 | D:3      | Found a shimmering altar of Xom.
  2179 | D:3      | Reached skill level 4 in Polearms
  2179 | D:3      | Reached XP level 5. HP: 13/49 MP: 5/5
  2579 | D:3      | Reached XP level 6. HP: 57/57 MP: 6/6
  3046 | D:3      | Noticed Grinder
  3049 | D:3      | Paralysed by Grinder for 3 turns
  3058 | D:3      | Killed Grinder
  3059 | D:3      | Reached XP level 7. HP: 64/64 MP: 7/7
  3241 | D:3      | Noticed Ijyb
  3248 | D:3      | Paralysed by Ijyb for 2 turns
  3251 | D:3      | Paralysed by Ijyb for 4 turns
  3258 | D:3      | Killed Ijyb
  3259 | D:3      | Reached skill level 5 in Polearms
  3601 | D:4      | Reached *** piety under Trog
  4007 | D:4      | Found a staircase to the Ecumenical Temple.
  4030 | D:4      | HP: 2/99 [gnoll/+0 spear (4)]
  4399 | D:4      | Found a radiant altar of Vehumet.
  4654 | D:5      | Entered Level 5 of the Dungeon
  4670 | D:5      | Found Rocamag's Hydra Hut.
  4684 | D:5      | Reached skill level 5 in Stealth
  4684 | D:5      | Reached XP level 8. HP: 40/73 MP: 3/8
  4692 | D:5      | Noticed an eight-headed hydra
  5285 | D:5      | Reached skill level 6 in Polearms
  5296 | D:5      | Reached **** piety under Trog
  5665 | D:6      | Reached skill level 5 in Fighting
  5954 | D:6      | Found a runed translucent gate.
  5954 | D:6      | Found a runed translucent gate.
  5954 | D:6      | Found a runed translucent gate.
  5960 | D:6      | Noticed Wurlitzer's ghost (novice MiMo)
  5960 | D:6      | Noticed bmack86's ghost (novice MiFi)
  5961 | D:6      | Noticed hikkokomori's ghost (novice FoFi)
  5961 | D:6      | Noticed yumyumyeen's ghost (novice KoEn)
  6211 | D:6      | Reached XP level 9. HP: 77/81 MP: 9/9
  6915 | D:7      | Reached skill level 7 in Polearms
  8257 | D:8      | Found a staircase to the Lair.
  8730 | D:9      | Noticed Psyche
  8740 | D:9      | Killed Psyche
  8741 | D:9      | Reached XP level 10. HP: 91/91 MP: 10/10
  8773 | D:9      | Reached skill level 8 in Polearms
  8842 | D:9      | Noticed a two-headed ogre
  8852 | D:9      | Killed a two-headed ogre
  9146 | D:9      | Found a flagged portal.
  9190 | D:9      | Noticed a brown ugly thing
  9195 | Bailey   | Entered a bailey
  9213 | Bailey   | Reached skill level 5 in Shields
  9324 | Bailey   | Noticed a two-headed ogre
  9344 | Bailey   | Killed a two-headed ogre
  9345 | Bailey   | Reached skill level 5 in Armour
  9345 | Bailey   | Reached skill level 5 in Dodging
  9542 | Bailey   | Reached skill level 9 in Polearms
 10048 | D:9      | Killed a brown ugly thing
 10255 | D:9      | Reached XP level 11. HP: 95/99 MP: 11/11
 10295 | D:9      | Identified the +6 spear of Foikk {elec, rElec}
 10319 | D:9      | Reached skill level 10 in Stealth
 10844 | D:10     | Entered Level 10 of the Dungeon
 11221 | D:10     | Reached skill level 10 in Polearms
 11496 | D:10     | Noticed a two-headed ogre
 11505 | D:10     | Killed a two-headed ogre
 11914 | D:11     | Noticed a cyclops
 11935 | D:11     | Killed a cyclops
 12176 | D:11     | Found a staircase to the Orcish Mines.
 13168 | Lair:1   | Entered Level 1 of the Lair of Beasts
 13282 | Lair:1   | Reached XP level 12. HP: 110/110 MP: 12/12
 14071 | Lair:1   | Reached skill level 11 in Polearms
 14207 | Lair:2   | Identified the ring "Majorewi" {Fly rElec Str+4 Int-4}
 14308 | Lair:2   | Noticed a boulder beetle
 14329 | Lair:2   | Killed a boulder beetle
 15825 | Lair:3   | Noticed a seven-headed hydra
 15836 | Lair:3   | Killed a seven-headed hydra
 16206 | Lair:3   | Found a staircase to the Snake Pit.
 16411 | Lair:3   | Identified a scroll of acquirement
 16411 | Lair:3   | Acquired a manual of Polearms
 16621 | Lair:3   | Found a staircase to the Swamp.
 16634 | Lair:3   | Reached skill level 12 in Polearms
 16823 | Lair:3   | Gained mutation: You can use your snake-like lower body to
                  | constrict enemies. [Naga growth]
 16823 | Lair:3   | Reached XP level 13. HP: 116/120 MP: 13/13
 17667 | Lair:4   | Reached ***** piety under Trog
 17809 | Lair:4   | Reached skill level 13 in Polearms
 18114 | Lair:4   | Noticed Nessos
 18127 | Lair:4   | Killed Nessos
 18237 | Lair:4   | Noticed Rupert
 18415 | Lair:4   | Found a staircase to the Slime Pits.
 18416 | Lair:4   | Found a viscous altar of Jiyva.
 18543 | Lair:4   | Killed Rupert
 18905 | Lair:5   | Entered Level 5 of the Lair of Beasts
 19072 | Lair:5   | Noticed Sonja
 19075 | Lair:5   | Reached skill level 14 in Polearms
 19108 | Lair:5   | HP: 6/121 [komodo dragon (21)]
 19111 | Lair:5   | Slain by a wolf spider

Illustrated notes

Levels and vault maps discovered:
D:1:      dpeg_arrival_fog, layout_rooms, nicolae_hexahallways
D:2:      layout_basic, serial_park_tiny_pond
D:3:      layout_loops_ring, amcnicky_altar_gilded, uniq_ijyb, uniq_grinder
D:4:      layout_basic, overflow_temple_1_default, minmay_temple_entry_ruins
D:5:      layout_cave_pools, doesnt_shop_hydraphobe
D:6:      layout_loops_ring, gammafunk_ghost_cemetery,
          hangedman_abyss_or_decor_stagger,
          hangedman_abyss_or_decor_jellyfish_corner
D:7:      layout_loops_corners
D:8:      layout_loops_ring, lair_entry_dummy, hangedman_decor_lopped
D:9:      layout_loops_ring, enter_bailey_4, uniq_psyche
D:10:     layout_irregular_city
D:11:     layout_basic, erik_orc_4, nrook_pool_corridor
Lair:1:   layout_gridlike
Lair:2:   layout_cave_pods
Lair:3:   layout_cave_pods, minmay_swamp_entry_swarm,
          guppyfry_snake_entry_island, infiniplex_staircase_pool,
          grunt_megastairs_1
Lair:4:   layout_cellular_growth, slime_entry_1, uniq_nessos, uniq_rupert
Lair:5:   evilmike_catoblepas_cave, layout_cave_shapes,
          nicolae_quartered_pool_impasse, grunt_forest_large_clearings,
          uniq_sonja

Skill      XL: |  1  2  3  4  5  6  7  8  9 10 11 12 13 |
---------------+----------------------------------------+-----
Stealth        | 1 2 4 5 6 8 9 11 12 13 | 13.6
Shields        | 1 2 3 4 5 6 7 8 |  8.2
Dodging        | 2 3 4 5 6 7 |  7.7
Armour         | 2 3 4 5 6 7 |  7.7
Polearms       | 4 5 6 7 9 10 12 14 | 14.0
Fighting       | 4 5 6 7 8 9 |  9.6

Action                   |  1- 3 |  4- 6 |  7- 9 | 10-12 | 13-15 || total
-------------------------+-------+-------+-------+-------+-------++-------
Melee: Spear             |   142 |   127 |   277 |       |       ||   546
       Punch             |       |     1 |     2 |       |       ||     3
       Trident           |       |       |   162 |   763 |   261 ||  1186
       Constrict         |       |       |       |       |    56 ||    56
Invok: Berserk           |       |     4 |     5 |     7 |     2 ||    18
       Brothers in Arms  |       |       |       |     3 |     2 ||     5
       Trog's Hand       |       |       |       |     3 |     1 ||     4
Evoke: Wand              |       |       |       |    10 |       ||    10
  Use: Scroll            |     3 |     7 |    10 |     8 |       ||    28
       Potion            |       |       |       |     3 |     2 ||     5
 Stab: Sleeping          |     2 |     5 |    16 |    15 |     5 ||    43
       Distracted        |     1 |       |     1 |       |     1 ||     3
Armor: Animal skin       |     9 |       |       |       |       ||     9
       Leather armour    |    23 |    21 |   151 |       |       ||   195
       Robe              |       |       |       |    16 |       ||    16
       Ice dragon scales |       |       |       |   144 |   112 ||   256
Dodge: Dodged            |    62 |    48 |   199 |   138 |    70 ||   517
Block: Kite shield       |       |       |   186 |   472 |   238 ||   896
       Reflection        |       |       |     1 |    13 |     4 ||    18

Table legend: (Time is in decaauts)
 A = Elapsed time spent in this place.
 B = Non-inter-level travel time spent in this place.
 C = Inter-level travel time spent in this place.
 D = Time resting spent in this place.
 E = Time spent auto-exploring this place.
 F = Levels seen in this place.
 G = Mean time per level.
                   A        B        C        D        E       F      G
               +--------+--------+--------+--------+--------+-----+--------+
         Total |  23471 |  22226 |   1245 |    474 |  18159 |  17 | 1380.6 |
       Dungeon |  15375 |  14617 |    758 |    276 |  12048 |  11 | 1397.7 |
          Lair |   7207 |   6721 |    486 |     98 |   5545 |   5 | 1441.4 |
        Bailey |    889 |    889 |      0 |    100 |    565 |   1 |  889.0 |
               +--------+--------+--------+--------+--------+-----+--------+

Top non-repeatable levels by time:
  Lair:3: 1998 daAuts
  Lair:2: 1988 daAuts
  Lair:4: 1902 daAuts
     D:7: 1758 daAuts
     D:3: 1754 daAuts
     D:4: 1578 daAuts
     D:9: 1572 daAuts
    D:11: 1529 daAuts
     D:2: 1468 daAuts
    D:10: 1322 daAuts
  Lair:1: 1260 daAuts
     D:6: 1240 daAuts
     D:8: 1112 daAuts
     D:5: 1092 daAuts
     D:1: 946 daAuts
